 Dungeon Crawl Stone Soup version 0.25-a0-294-gea9b1ad (webtiles) character file.

Game seed: 44006359818631295, levelgen mode: deterministic

52 15 the Gusty (level 3, -1/20 HPs)
             Began as a Tengu Air Elementalist on Dec 18, 2019.
             Killed by their own static electricity (3 damage)
             ... on level 2 of the Dungeon.
             The game lasted 00:06:17 (1795 turns).

15 the Gusty (Tengu Air Elementalist)               Turns: 1795, Time: 00:06:18

Health: -1/20      AC:  2    Str:  9    XL:     3   Next: 85%
Magic:  1/7        EV: 13    Int: 15    God:
Gold:   24         SH:  0    Dex: 14    Spells: 0/6 levels left

rFire    . . .     SeeInvis .   k - +0 rapier
rCold    . . .     Gourm    .   (no shield)
rNeg     . . .     Faith    .   a - +0 robe
rPois    .         Spirit   .   (helmet restricted)
rElec    .         Reflect  .   (no cloak)
rCorr    .         Harm     .   (no gloves)
MR       .....                  (boots unavailable)
Stlth    ++........             (no amulet)
HPRegen  0.06/turn              (no ring)
MPRegen  0.10/turn              (no ring)

@: no status effects
A: beak, talons 3
a: no special abilities


You were on level 2 of the Dungeon.
You were hungry.

You visited 1 branch of the dungeon, and saw 2 of its levels.

You collected 24 gold pieces.

Inventory:

Hand Weapons
 e - a +0 club
 k - a +0 rapier (weapon)
Missiles
 f - 49 stones (quivered)
 j - 15 bolts
Armour
 a - a +0 robe (worn)
Scrolls
 g - a scroll of noise {unknown}
 i - a scroll of teleportation {unknown}
 l - a scroll of remove curse {unknown}
Potions
 h - a potion of flight
Comestibles
 c - 3 rations


   Skills:
 * Level 1.4 Fighting
 * Level 1.1 Armour
 * Level 2.5 Dodging
 + Level 2.0 Stealth
 + Level 2.1 Spellcasting
 * Level 2.3 Conjurations
 + Level 4.4 Air Magic


You couldn't memorise any spells.
You knew the following spells:

 Your Spells              Type           Power        Failure   Level  Hunger
a - Shock                 Conj/Air       ##..         5%          1    #......
b - Swiftness             Chrm/Air       #.......     13%         2    ###....
c - Static Discharge      Conj/Air       ##......     16%         3    ###....

Your spell library contained the following spells:

 Spells                   Type           Power        Failure   Level  Hunger
 Airstrike                Air            ###.......   34%         4    #####..
 Lightning Bolt           Conj/Air       ##........   83%         5    ######.


Dungeon Overview and Level Annotations

Branches:
Dungeon (2/15)

Altars:


Innate Abilities, Weirdness & Mutations

You have a beak for a mouth.
You have claws for feet.


Message History

The dart slug launches a dart at you. The slug dart hits you.
You closely miss the adder. Your peck misses the adder. The adder bites you.
The adder bites you.
Casting: Shock (safe; 5% risk of failure)
Confirm with . or Enter, or press ? or * to list all spells.
The adder is struck by an arc of lightning.
The adder is moderately wounded.
You are struck by an arc of lightning.
* * * LOW HITPOINT WARNING * * *
The lightning grounds out.
You are feeling hungry.
The adder bites you.
* * * LOW HITPOINT WARNING * * *
Casting: Static Discharge (safe; 16% risk of failure)
Confirm with . or Enter, or press ? or * to list all spells.
The adder is struck by an arc of lightning.
The adder is severely wounded.
You are struck by an arc of lightning.
You die...

#.# ......<......... #.#
################ #.#
...#### #.# #.....# #.#
.....# ## #.# .....#
#..#.# ########.....
#.#..#.######.........##.
##......S@...........÷##..
........######..........##
....w>.............)...##÷
........#########.#.###...
##....... #.#.......
#....... #.#..#####
#........ #.#÷.# #........
#.#..##### #.........
#.#.......


You could see an adder and a dart slug.

Vanquished Creatures
  2 adders (D:2)
  A worm (D:2)
  A dart slug (D:2)
  2 bats
  8 giant cockroaches
  4 hobgoblins
  A kobold (D:2)
  3 frilled lizards
  3 goblins
  2 rats
27 creatures vanquished.

Notes
Turn   | Place    | Note
-------+----------+-------------------------------------------
     0 | D:1      | 15 the Tengu Air Elementalist began the quest for the Orb.
     0 | D:1      | Reached XP level 1. HP: 10/10 MP: 4/4
   403 | D:1      | Reached XP level 2. HP: 13/16 MP: 6/6
   408 | D:1      | Learned a level 2 spell: Swiftness
  1360 | D:2      | Reached skill level 1 in Armour
  1360 | D:2      | Reached XP level 3. HP: 13/20 MP: 5/7
  1368 | D:2      | Learned a level 3 spell: Static Discharge
  1468 | D:2      | Reached skill level 1 in Fighting
  1795 | D:2      | Killed from afar by themself

Levels and vault maps discovered:
D:1:      dpeg_arrival_chase, layout_basic, minmay_worlds_worst_comb
D:2:      layout_basic, minmay_tetromino_s2

Skill      XL: |  1  2  3 |
---------------+----------+-----
Armour         | 1 |  1.1
Conjurations   | 2 |  2.3
Fighting       | 1 |  1.4
Dodging        | |  2.5
Stealth        | |  2.0
Spellcasting   | |  2.1
Air Magic      | |  4.4

Action                   || total
-------------------------++-------
Melee: Unarmed           ||     8
       Club              ||     9
       Peck              ||     7
       Kick              ||     5
       Dagger            ||    20
       Rapier            ||     7
 Cast: Shock             ||    43
       Static Discharge  ||     1
  Use: Scroll            ||     1
 Stab: Sleeping          ||     4
  Eat: Chunk             ||     3
Armor: Robe              ||    11
Dodge: Dodged            ||    48

Table legend:
 A = Non-vault XP
 B = Vault XP
 C = Vault XP percentage of total XP
 D = Non-vault monster count
 E = Vault monster count
 F = Vault count percentage of total count
                 A         B        C        D         E       F
            +---------+---------+-------+---------+---------+-------
      Total |      50 |      25 |  33.3 |      20 |       7 |  25.9
            +---------+---------+-------+---------+---------+-------
        D:1 |      15 |      10 |  40.0 |       9 |       5 |  35.7
        D:2 |      35 |      15 |  30.0 |      11 |       2 |  15.4
            +---------+---------+-------+---------+---------+-------
